 Dungeon Crawl Stone Soup version 0.30.1-8-g117510f58f (webtiles) character file.

Game seed: 18199220860943274317

1856 GenaTheCrocodile the Slasher (level 9, -3/55 (67) HPs)
             Began as a Barachi Reaver on Sept 23, 2023.
             Was an Initiate of Cheibriados.
             Succumbed to an orc wizard's poison
             ... on level 8 of the Dungeon.
             The game lasted 00:28:54 (7042 turns).

GenaTheCrocodile the Slasher (Barachi Reaver)       Turns: 7042, Time: 00:28:55

HP:   -3/55 (67)    AC:  7    Str: 17 (18) XL:     9   Next: 13%
MP:   12/13         EV: 14    Int: 13 (15) God:    Cheibriados [......]
Gold: 292           SH: 10    Dex: 17 (18) Spells: 11/14 levels left

rFire   . . .        a - +1 falchion
rCold   . . .        l - +0 buckler
rNeg    . . .        F - +0 steam dragon scales
rPois   .            (no helmet)
rElec   .            (no cloak)
rCorr   .            d - +0 pair of gloves
SInv    .            (no boots)
Will    .....        j - amulet of reflection
Stlth   ++           c - +6 ring of dexterity
HPRegen 0.29/turn    u - ring of wizardry
MPRegen 0.13/turn

%: reflection, wizardry (x1)
@: mighty, lethally poisoned (-3 -> -30), unable to hop, attractive, flying,
heavily drained, very slow
A: amphibious, slowness 1, strong legs 1, +LOS
a: Hop, Renounce Religion


You were on level 8 of the Dungeon.
You worshipped Cheibriados.
Cheibriados was noncommittal.
You visited 2 branches of the dungeon, and saw 9 of its levels.

You collected 292 gold pieces.

Inventory:

Hand Weapons
 a - a +1 falchion (weapon)
Missiles
 D - 2 throwing nets
Armour
 b - a +0 leather armour
 d - a +0 pair of gloves (worn)
 l - a +0 buckler (worn)
 F - +0 steam dragon scales (worn)
Jewellery
 c - a +6 ring of dexterity (left hand)
 j - an amulet of reflection (around neck)
 u - a ring of wizardry (right hand)
Wands
 s - a wand of flame (19)
 x - a wand of mindburst (21)
 A - a wand of roots (11)
 C - a wand of acid (7)
Scrolls
 f - 4 scrolls of identify
 h - a scroll of summoning {unknown}
 k - a scroll of fog {unknown}
 q - a scroll of enchant weapon
 r - 3 scrolls of teleportation
 t - 2 scrolls of enchant armour {unknown}
 w - 2 scrolls of amnesia {unknown}
 y - a scroll of poison
 E - 2 scrolls of immolation {unknown}
Potions
 e - 2 potions of haste
 i - 4 potions of degeneration
 n - a potion of cancellation {unknown}
 p - a potion of invisibility {unknown}
 z - a potion of attraction
 B - a potion of brilliance
 G - a potion of ambrosia {unknown}


   Skills:
 + Level 4.9 Fighting
 + Level 7.7 Long Blades
 * Level 6.3 Armour
 + Level 4.6 Dodging
 - Level 1.4 Stealth
 + Level 4.3 Shields
 + Level 3.2 Spellcasting
 + Level 4.6 Conjurations
 + Level 0.9 Necromancy
 + Level 2.0 Translocations


You had 11 spell levels left.
You knew the following spells:

 Your Spells              Type           Power      Damage    Failure   Level
a - Kiss of Death         Conj/Necr      36%        2d8       4%          1
b - Momentum Strike       Conj/Tloc      20%        3d8       4%          2

Your spell library contained the following spells:

 Spells                   Type           Power      Damage    Failure   Level
 Shock                    Conj/Air       32%        1d5       4%          1
 Hailstorm                Conj/Ice       8%         3d4       13%         3
 Frozen Ramparts          Ice            4%         1d1       32%         3
 Inner Flame              Hex/Fire       2%         N/A       32%         3
 Swiftness                Air            2%         N/A       32%         3
 Flame Wave               Conj/Fire      8%         2d5       38%         4
 Sticky Flame             Conj/Fire      8%         2d3       38%         4
 Airstrike                Air            1%         2d(1-17)  71%         4
 Ice Form                 Ice/Tmut       2%         N/A       71%         4
 Leda's Liquefaction      Hex/Erth       1%         N/A       71%         4
 Summon Ice Beast         Ice/Summ       2%         N/A       71%         4
 Lee's Rapid Deconstruct  Erth           1%         3d4*      95%         5
 Statue Form              Tmut/Erth      1%         N/A       100%        6


Dungeon Overview and Level Annotations

Branches:
Dungeon (8/15)             Temple (1/1) D:6
   Lair: D:8-11

Altars:
Cheibriados
Dithmenos
Elyvilon
Fedhas
Gozag
Kikubaaqudgha
Makhleb
Nemelex Xobeh
Okawaru
Qazlal
Ru
Trog
Uskayaw
Wu Jian
Xom
Zin
The Shining One
Lugonu

Shops:
D:7 [

Annotations:
D:2 Natasha
D:6 2 transporters, P0WERM0DE's ghost, amateur SpEE


Innate Abilities, Weirdness & Mutations

You are amphibious.
You cover ground slowly.
You can hop short distances.
You have an extended range of vision and can be seen from far away.


Message History

A magic dart appears from out of thin air!
The magic dart hits you!
It was a potion of attraction.
You feel attractive to monsters.
* * * LOW HITPOINT WARNING * * *
You feel very sick. The orc is attracted toward you.
Something is attracted toward you. The orc is attracted toward you.
As you read the scroll labelled HYIGOS DEKEDIR, it crumbles to dust.
It is a scroll of identify.
r - 3 scrolls of teleportation
* * * LOW HITPOINT WARNING * * *
You feel very sick. Something is attracted toward you.
The orc is attracted toward you. x2
Something is attracted toward you.
It was a potion of might.
You feel very mighty all of a sudden.
* * * LOW HITPOINT WARNING * * *
You feel very sick.
Okay, then.
As you read the scroll labelled ALUECAGROU, it crumbles to dust.
It is a scroll of enchant weapon.
Your +0 falchion glows red for a moment.
* * * LOW HITPOINT WARNING * * *
You feel sick. Something hits you but does no damage.
You are more poisoned.
The orc is attracted toward you.
Okay, then.
The air fills with toxic fumes!
As you read the scroll labelled LOID VUPPOU, it crumbles to dust.
It was a scroll of poison.
* * * LOW HITPOINT WARNING * * *
You feel very sick. Something hits you.
* * * LOW HITPOINT WARNING * * *
You are more poisoned.
It was a potion of flight.
You feel very buoyant.
You fly up into the air.
You die...

#......# #.####.# #.# #.#
#.# #.# . .. .# #######.#
#.# .##.##.# #§§.....#
#.# ....#.# #§########
#.# .....# #§#..<...# #.#
#..#.# #@#.#.##.# #.#
#..#.# #{#.#.##.# #.#####
#..#.# #o#.#.##.# #.....#
...##....# #o#.#.##.#
####.## _.o.o....#
#o#.#....# #...#
...##.Z#.#######o#.######
#.### #....Zo.oo†§§#.#
#.# #..#.#########.# #.#
#..#.# #.#########.#


You could see an orc priest and 3 orcs.

Vanquished Creatures
  A wyvern (D:8)
  A steam dragon (D:7)
  An acid dragon (D:7)
  2 water moccasins
  A black bear (D:4)
  A sky beast (D:7)
  2 phantoms (D:6)
  A scorpion (D:5)
  A howler monkey (D:7)
  3 jellies
  A quasit (D:8)
  2 hounds
  3 orc priests
  Ijyb (D:5)
  Jessica (D:2)
  2 iguanas
  Terence (D:2)
  3 sleepcaps
  Natasha (twice) (D:2)
  4 orc wizards
  6 adders
  2 shadow imps (D:7)
  2 ufetubi
  2 worms
  14 orcs
  4 bats
  4 endoplasms
  2 giant cockroaches
  9 goblins
  6 hobgoblins
  5 jackals
  4 quokkas
  3 ball pythons
  2 frilled lizards
  2 goblin skeletons (D:8)
  6 kobolds
  5 rats
112 creatures vanquished.

Vanquished Creatures (others)
  2 sky beasts (D:7)
2 creatures vanquished.

Grand Total: 114 creatures vanquished

Notes
Turn   | Place    | Note
-------+----------+-------------------------------------------
     0 | D:1      | GenaTheCrocodile the Barachi Reaver began the quest for the
                  | Orb.
     0 | D:1      | Reached XP level 1. HP: 17/17 MP: 3/3
    93 | D:1      | Reached XP level 2. HP: 16/21 MP: 5/5
   114 | D:1      | HP: 1/22 [frozen (4)]
   233 | D:1      | Reached skill level 4 in Long Blades
   371 | D:1      | Reached skill level 1 in Armour
   593 | D:2      | Reached XP level 3. HP: 27/27 MP: 6/6
   674 | D:2      | Noticed Terence
   683 | D:2      | Killed Terence
   684 | D:2      | Reached XP level 4. HP: 8/22 MP: 4/7
   776 | D:2      | Noticed Natasha
   781 | D:2      | Killed Natasha
   840 | D:2      | Noticed Jessica
   845 | D:2      | Killed Jessica
   846 | D:2      | Reached XP level 5. HP: 5/27 MP: 5/8
  1015 | D:2      | Found a hide-covered altar of Uskayaw.
  1218 | D:2      | Noticed Natasha
  1226 | D:2      | Killed Natasha
  1227 | D:2      | Reached skill level 1 in Stealth
  1300 | D:2      | Reached skill level 5 in Long Blades
  1435 | D:2      | Learned a level 2 spell: Momentum Strike
  1530 | D:2      | Noticed Natasha
  1827 | D:3      | Reached XP level 6. HP: 7/26 MP: 6/9
  2092 | D:3      | Found an ancient bone altar of Kikubaaqudgha.
  2450 | D:4      | Noticed a black bear
  2682 | D:4      | Killed a black bear
  2788 | D:4      | Reached XP level 7. HP: 32/38 MP: 10/10
  3034 | D:5      | Entered Level 5 of the Dungeon
  3035 | D:5      | Found a shimmering altar of Xom.
  3274 | D:5      | Reached skill level 1 in Shields
  3477 | D:5      | Noticed Ijyb
  3486 | D:5      | Killed Ijyb
  3487 | D:5      | Reached skill level 6 in Long Blades
  4064 | D:6      | Reached skill level 1 in Translocations
  4116 | D:6      | Found a transporter.
  4125 | D:6      | Found a staircase to the Ecumenical Temple.
  4428 | D:6      | Found a transporter.
  4428 | D:6      | Noticed P0WERM0DE's ghost (amateur SpEE)
  4432 | D:6      | Noticed a gargoyle
  4465 | D:6      | Reached skill level 5 in Armour
  4465 | D:6      | Reached XP level 8. HP: 53/60 MP: 12/12
  4624 | D:6      | Noticed a cyclops
  4778 | Temple   | Entered the Ecumenical Temple
  5075 | D:6      | Found an ornate altar of the Wu Jian Council.
  5293 | D:6      | Found a sparkling altar of Nemelex Xobeh.
  5413 | D:7      | Found Hawism Baxko's Antique Armour Emporium.
  5480 | D:6      | Reached skill level 7 in Long Blades
  5843 | D:7      | Found a snail-covered altar of Cheibriados.
  5846 | D:7      | Became a worshipper of Cheibriados the Contemplative
  6186 | D:6      | HP: 2/49 [poisoned by a water moccasin]
  6550 | D:7      | Found a blossoming altar of Fedhas.
  6661 | D:7      | Reached XP level 9. HP: 30/53 MP: 10/13
  6991 | D:8      | Found a glowing golden altar of the Shining One.
  7041 | D:8      | HP: 2/55 [something (3)]
  7042 | D:8      | Succumbed to an orc wizard's poison

Illustrated notes

Levels and vault maps discovered:
D:1:      dpeg_arrival_simpleton_c, layout_rooms, minmay_misc_feat_hallway,
          minmay_misc_feat_four_crosses, corexii_hall_statues_l
D:2:      layout_rooms, basic_altar, hangedman_feature_mirror,
          chequers_hall_statues_y, uniq_terence, uniq_jessica, uniq_natasha
D:3:      layout_rooms, mainiacjoe_overflow_alcove_4, feat_on_display
D:4:      layout_basic
D:5:      layout_loops_corners, mainiacjoe_overflow_paths, uniq_ijyb
D:6:      layout_cave_pods, mainiacjoe_overflow_brackets, kennysheep_little_box,
          minmay_temple_entry_junction, gammafunk_ghost_arena,
          hangedman_glass_teeth, minmay_misc_feat_five
D:7:      layout_cave_pools, kennysheep_mini_moat, mainiacjoe_overflow_alcove_1,
          serial_column_ruins, column_ruins_square_medium,
          column_ruins_open_tiny, column_ruins_grid_1,
          column_ruins_columns_dead_end, column_ruins_grid_1,
          column_ruins_grid_4, serial_shops, shop
D:8:      layout_basic, nicolae_tso_besieged_by_evil, vehumet_statue,
          grunt_decor_fettered
Temple:   corrupted_temple

Skill      XL: |  1  2  3  4  5  6  7  8  9 |
---------------+----------------------------+-----
Long Blades    | 4 5 6 7 |  7.7
Armour         | 1 2 3 4 5 6 |  6.3
Fighting       | 3 4 |  4.9
Stealth        | 1 |  1.4
Dodging        | 3 4 |  4.6
Conjurations   | 4 |  4.6
Shields        | 1 4 |  4.3
Translocations | 1 2 |  2.0
Spellcasting   | 3 |  3.2
Necromancy     | |  0.9

Action                     |  1- 3 |  4- 6 |  7- 9 || total
---------------------------+-------+-------+-------++-------
  Melee: Falchion          |    64 |   160 |   222 ||   446
         Punch             |       |     2 |       ||     2
   Cast: Kiss of Death     |     4 |     7 |     6 ||    17
         Momentum Strike   |       |     7 |    21 ||    28
Ability: Hop               |       |       |     2 ||     2
    Use: Potion            |       |     3 |    10 ||    13
         Scroll            |       |       |     3 ||     3
   Stab: Sleeping          |     1 |     1 |     2 ||     4
         Distracted        |       |     1 |     1 ||     2
 Armour: Leather armour    |    17 |    47 |    25 ||    89
         Steam dragon scal |       |       |    28 ||    28
  Dodge: Dodged            |    43 |    94 |   119 ||   256
  Block: Buckler           |       |    22 |   150 ||   172
         Reflection        |       |       |     2 ||     2
